 Dungeon Crawl Stone Soup version 0.25-a0-937-gcfae464cf3 (webtiles) character file.

Game seed: 10763113839008136104, levelgen mode: deterministic

24 Esekla the Skirmisher (level 3, -18/20 HPs)
             Began as a Vine Stalker Abyssal Knight on May 4, 2020.
             Was a Follower of Lugonu.
             Engulfed by a cloud of flame (20 damage)
             ... on level 2 of the Dungeon.
             The game lasted 00:05:47 (1109 turns).

Esekla the Skirmisher (Vine Stalker Abyssal Knight) Turns: 1109, Time: 00:05:47

Health: -18/20     AC:  3    Str: 14    XL:     3   Next: 2%
Magic:  0/5        EV: 11    Int: 12    God:    Lugonu [*.....]
Gold:   61         SH:  0    Dex: 14    Spells: 3/3 levels left

rFire    . . .     SeeInvis .   a - +1 falchion
rCold    . . .     Gourm    .   (no shield)
rNeg     . . .     Faith    .   b - +0 leather armour
rPois    .         Spirit   +   (no helmet)
rElec    .         Reflect  .   (no cloak)
rCorr    .         Harm     .   (no gloves)
MR       .....                  (no boots)
Stlth    +.........             (no amulet)
HPRegen  0.06/turn              (no ring)
MPRegen  0.09/turn              (no ring)

@: no status effects
A: fangs 2, magic shield, antimagic bite, no potion heal 3, rot immunity
a: Depart the Abyss, Renounce Religion


You were on level 2 of the Dungeon.
You worshipped Lugonu.
Lugonu was aware of your devotion.
You were not hungry.

You visited 1 branch of the dungeon, and saw 2 of its levels.
You visited the Abyss 1 time.

You collected 61 gold pieces.

Inventory:

Hand Weapons
 a - a +1 falchion (weapon)
Armour
 b - a +0 leather armour (worn)
Scrolls
 d - a scroll of fog {unknown}
 e - a scroll of enchant weapon {unknown}
 f - 3 scrolls of identify {unknown}
 g - a scroll of remove curse {unknown}
 j - a scroll of magic mapping {unknown}
 k - a scroll of amnesia {unknown}
 l - a scroll of fear {unknown}
 m - a scroll of enchant armour {unknown}
 n - a scroll of blinking {unknown}
Potions
 h - a potion of might {unknown}
 i - a potion of resistance {unknown}
 o - a potion of haste {unknown}
 p - a potion of stabbing {unknown}
Comestibles
 c - 2 rations


   Skills:
 + Level 3.0 Fighting
 + Level 2.1 Long Blades
 + Level 1.6 Armour
 + Level 1.0 Dodging
 * Level 0.9 Spellcasting
 + Level 2.0 Invocations


You had 3 spell levels left.
You didn't know any spells.
Your spell library was empty.

Dungeon Overview and Level Annotations

Branches:
Dungeon (2/15)

Altars:
Qazlal


Innate Abilities, Weirdness & Mutations

You have extremely sharp teeth.
When hurt, damage is shared between your health and your magic reserves.
Your bite disrupts and absorbs the magic of your enemies.
Potions cannot restore your health.
You are immune to rotting.


Message History

You slash the dart slug!
You kill the dart slug!
Lugonu accepts your kill.
Your Dodging skill increases to level 1!
You have reached level 3!
Your experience leads to an increase in your attributes!
Increase (S)trength, (I)ntelligence, or (D)exterity?
You feel agile.
You see here a dart slug corpse.
You butcher the dart slug corpse.
q - a chunk of flesh Eat a chunk of flesh? (ye/n/q)
You eat the chunk of flesh.
This raw flesh tastes terrible.
Really walk into a travel-excluded area?
You are engulfed in blazing flames.
Ouch! That really hurt!
* * * LOW HITPOINT WARNING * * *
You are engulfed in blazing flames.
Ouch! That really hurt!
You die...

#........##
#.#####...# #.#
#○○☼# #.# #§§§# #.#
#.§☼# #.#####...#
#######..☼§§.../.
#........§○☼..!).§
#......#.@§○.)...§
#......######...###
#.......# #°☼○#
#......## #☼§§#
#......## #☼○☼#
######..## #...#
##### ###..##
#.#### ...# #.....#
#....# ###.##
#.###.##
##.#.###○...§


There were no monsters in sight!

Vanquished Creatures
  A dart slug (D:2)
  2 giant cockroaches (D:2)
  3 goblins (D:1)
  2 hobgoblins (D:1)
  3 kobolds
  4 bats
  2 frilled lizards
  3 rats (D:1)
20 creatures vanquished.

Notes
Turn   | Place    | Note
-------+----------+-------------------------------------------
     0 | Abyss:1  | Esekla the Vine Stalker Abyssal Knight began the quest for
                  | the Orb.
     0 | Abyss:1  | Reached XP level 1. HP: 11/11 MP: 3/3
    80 | Abyss:2  | Noticed a hell hound
   105 | Abyss:3  | Found a corrupted altar of Lugonu.
   130 | Abyss:3  | Noticed a smoke demon
   133 | Abyss:3  | Noticed a wretched star
   140 | Abyss:3  | Noticed a thrashing horror
   141 | Abyss:3  | Noticed a thrashing horror
   148 | D:1      | Escaped the Abyss
   240 | D:1      | Reached * piety under Lugonu
   240 | D:1      | Reached XP level 2. HP: 13/16 MP: 4/4
   498 | D:1      | Reached skill level 3 in Fighting
   816 | D:2      | Found a stormy altar of Qazlal.
  1099 | D:2      | Reached skill level 1 in Dodging
  1099 | D:2      | Reached XP level 3. HP: 17/20 MP: 5/5
  1109 | D:2      | Engulfed by a cloud of flame

Levels and vault maps discovered:
D:1:      minmay_arrival_loop, layout_basic
D:2:      minmay_wonky_spiral, layout_rooms, grunt_qazlal_clouds,
          lemuel_flame_loot_1

Skill      XL: |  1  2 |
---------------+-------+-----
Long Blades    | 2 |  2.1
Fighting       | 3 |  3.0
Invocations    | 2 |  2.0
Dodging        | 1 |  1.0
Armour         | |  1.6
Spellcasting   | |  0.9

Action                   || total
-------------------------++-------
Melee: Falchion          ||    35
       Bite              ||     8
Invok: Depart the Abyss  ||     1
  Eat: Chunk             ||     1
Armor: Leather armour    ||    14
Dodge: Dodged            ||    23
       Rpst.: Falchion   ||    11

Table legend:
 A = Non-vault XP
 B = Vault XP
 C = Vault XP percentage of total XP
 D = Non-vault monster count
 E = Vault monster count
 F = Vault count percentage of total count
                 A         B        C        D         E       F
            +---------+---------+-------+---------+---------+-------
      Total |      35 |       0 |   0.0 |      20 |       0 |   0.0
            +---------+---------+-------+---------+---------+-------
        D:1 |      22 |       0 |   0.0 |      14 |       0 |   0.0
        D:2 |      13 |       0 |   0.0 |       6 |       0 |   0.0
            +---------+---------+-------+---------+---------+-------
